 Dungeon Crawl Stone Soup version 0.22-a0-833-g8522bf8 (webtiles) character file.

82647 Amnesiac the Earth Mage (level 15, -1/90 HPs)
             Began as a Mummy Earth Elementalist on July 25, 2018.
             Was the Champion of Vehumet.
             Killed by a resonance strike
             ... invoked by a ragged hierophant
              (12 damage)
             ... in the Desolation of Salt on July 26, 2018.
             The game lasted 01:00:17 (27759 turns).

Amnesiac the Earth Mage (Mummy Earth Elementalist) Turns: 27759, Time: 01:00:18

Health: -1/90      AC: 15    Str: 19    XL:     15   Next: 30%
Magic:  11/54      EV: 12    Int: 20    God:    Vehumet [******]
Gold:   514        SH:  0    Dex: 15    Spells: 17/48 levels left

rFire    + + .     SeeInvis .   a - +9 hand crossbow "Rotarhoti" {elec, +Blink rC+ Dex+2}
rCold    + + .     Gourm    .   (no shield)
rNeg     + + +     Faith    +   z - +2 robe {rF+}
rPois    ∞         Spirit   .   R - +2 helmet
rElec    .         Reflect  .   H - +2 cloak {rPois}
rCorr    .         Harm     .   A - +2 pair of gloves {Str+3}
MR       .....                  J - +1 pair of boots of Joeriegh {rF++ MR- Str+4 Stlth+}
Stlth    +++.......             m - amulet of faith
HPRegen  0.25/turn              c - ring of magical power
MPRegen  0.34/turn              D - ring of magical power

@: about to teleport
A: no food or potions, fire vulnerability, cold resistance 1, negative energy
resistance 3, torment resistance, unbreathing, in touch with death 1
a: Renounce Religion, Evoke Blink


You were in the Desolation of Salt.
You worshipped Vehumet.
Vehumet was exalted by your worship.
You were not hungry.

You visited 4 branches of the dungeon, and saw 19 of its levels.
You also visited: Sewer and Desolation.

You collected 2098 gold pieces.
You spent 1584 gold pieces at shops.

Inventory:

Hand Weapons
 a - the +9 hand crossbow "Rotarhoti" (weapon) {elec, +Blink rC+ Dex+2}
   (You took it off a death knight on level 12 of the Dungeon)

   It charges the ammunition it shoots with electricity; occasionally upon a
   hit, such missiles may discharge and cause terrible harm.
   It affects your dexterity (+2).
   It protects you from cold.
   It lets you blink.
 F - a +2 hunting sling of velocity
Missiles
 h - 129 sling bullets
 i - 340 stones
 B - 393 arrows
 K - 137 bolts (quivered)
Armour
 k - a scarf of cloud immunity
 u - a scarf of resistance
 z - a +2 robe of fire resistance (worn)
 A - a +2 pair of gloves of strength (worn)
 H - a +2 cloak of poison resistance (worn)
 J - the +1 pair of boots of Joeriegh (worn) {rF++ MR- Str+4 Stlth+}
   (You found it on level 12 of the Dungeon)

   It affects your strength (+4).
   It greatly protects you from fire.
   It affects your resistance to hostile enchantments.
   It makes you more stealthy.
 M - a +1 shield of reflection
 O - a +0 shield of reflection
 R - a +2 helmet (worn)
Jewellery
 b - an uncursed amulet of regeneration
 c - a ring of magical power (left hand)
 m - an amulet of faith (around neck)
 t - the amulet of the Air {Inacc +Fly rElec EV+5 RMsl}
   (You found it on level 12 of the Dungeon)

   [amulet of inaccuracy]

   It reduces the accuracy of all your attacks.
   It affects your evasion (+5).
   It insulates you from electricity.
   It lets you fly.
   It protects you from missiles.
 D - a ring of magical power (right hand)
 E - an uncursed ring of flight
 N - an uncursed ring of wizardry
 P - an uncursed ring of see invisible
Wands
 e - a wand of random effects (76)
 j - a wand of flame (42)
 r - a wand of enslavement (8)
 I - a wand of paralysis (58)
 L - a wand of iceblast (8)
 Q - a wand of disintegration (12)
Scrolls
 d - 5 scrolls of amnesia {!r}
 f - 11 scrolls of identify {!r}
 g - 12 scrolls of remove curse {!r}
 n - 6 scrolls of teleportation {!r}
 o - 3 scrolls of fear {!r}
 q - 2 scrolls of magic mapping {!r}
 s - 4 scrolls of fog {!r}
 v - a scroll of brand weapon {!r}
 x - 4 scrolls of enchant armour {!r}
 y - 3 scrolls of enchant weapon {!r}
Miscellaneous
 l - a box of beasts
 C - a lightning rod (4/4)
 G - a phial of floods


   Skills:
 - Level 1.5 Dodging
 - Level 1.5 Stealth
 - Level 4.0 Shields
 + Level 17.2 Spellcasting
 - Level 4.0 Conjurations
 - Level 4.0 Transmutations
 * Level 17.2 Earth Magic


You had 17 spell levels left.
You knew the following spells:

 Your Spells              Type           Power        Failure   Level  Hunger
a - Iron Shot             Conj/Erth      ######....   1%          6    N/A
b - Passwall              Tmut/Erth      ######..     1%          2    N/A
c - Sandblast             Erth           ######       0%          1    N/A
d - Lee's Rapid Deconstr  Erth           ######....   1%          5    N/A
e - Petrify               Tmut/Erth      ######..     1%          4    N/A
f - Mephitic Cloud        Conj/Pois/Air  ###.....     1%          3    N/A
g - Yara's Violent Unrav  Hex/Tmut       ####......   11%         5    N/A
h - Stone Arrow           Conj/Erth      ######       1%          3    N/A
i - Sticks to Snakes      Tmut           ####....     1%          2    N/A

Your spell library contained the following spells:

 Spells                   Type           Power        Failure   Level  Hunger
 Apportation              Tloc           ###...       3%          1    N/A
 Confuse                  Hex            ###.....     10%         3    N/A
 Summon Small Mammal      Summ           ###.         3%          1    N/A
 Animate Skeleton         Necr           N/A          3%          1    N/A
 Regeneration             Chrm/Necr      ####......   10%         3    N/A
 Spider Form              Tmut/Pois      ####......   4%          3    N/A
 Blade Hands              Tmut           ####......   19%         5    N/A
 Ice Form                 Ice/Tmut       ####....     14%         4    N/A
 Confusing Touch          Hex            ###...       3%          1    N/A
 Metabolic Englaciation   Hex/Ice        ###.......   67%         5    N/A
 Shroud of Golubria       Chrm/Tloc      ###.......   4%          2    N/A
 Beastly Appendage        Tmut           ####..       1%          1    N/A
 Infusion                 Chrm           ###.         3%          1    N/A
 Song of Slaying          Chrm           ###.....     4%          2    N/A
 Spectral Weapon          Hex/Chrm       ###.....     10%         3    N/A
 Gell's Gravitas          Tloc           ###.......   10%         3    N/A

Dungeon Overview and Level Annotations

Branches:
Dungeon (15/15)            Temple (1/1) D:5            Lair (0/6) D:8
    Orc (2/2) D:10            Elf (1/3) Orc:2        Vaults (0/5) D:14
 Depths (0/5) D:15

Altars:
Ashenzari
Cheibriados
Dithmenos
Elyvilon
Fedhas
Gozag
Hepliaklqana
Kikubaaqudgha
Makhleb
Nemelex Xobeh
Okawaru
Qazlal
Ru
Sif Muna
Trog
Uskayaw
Vehumet
Wu Jian
Xom
Yredelemnul
Zin
The Shining One
Beogh

Shops:
D:7 (   D:8 [   D:9 *   D:10 *   D:12 }   D:15 :   Orc:2 [[}[!

Annotations:
D:11 dig
Orc:2 2 exclusions


Innate Abilities, Weirdness & Mutations

You do not eat or drink.
Your flesh is vulnerable to fire.
You are immune to poison.
Your flesh is cold resistant. (rC+)
You are immune to negative energy. (rN+++)
You are immune to unholy pain and torment.
You can survive without breathing.
You are in touch with the powers of death.


Message History

Press: ? - help, Shift-Dir - straight line, f/p - imperial myrmidon
Aim: an imperial myrmidon, wielding a double sword of draining and wearing a ring mail (severely wounded, covered in acid)
The iron shot misses the imperial myrmidon.
The imperial myrmidon barely misses you.
Unknown command.
Evoke which item? (* to show all) (? for menu, Esc to quit)
Aiming: Corrosive Bolt
Press: ? - help, Shift-Dir - straight line, f/p - imperial myrmidon
Aim: an imperial myrmidon, wielding a double sword of draining and wearing a ring mail (severely wounded, covered in acid)
The bolt of acid hits the imperial myrmidon.
The imperial myrmidon is splashed with acid.
The imperial myrmidon is almost dead.
The imperial myrmidon hits you with a double sword of draining!
* * * LOW HITPOINT WARNING * * *
Evoke which item? (* to show all) (? for menu, Esc to quit)
Aiming: Corrosive Bolt
Press: ? - help, Shift-Dir - straight line, f/p - imperial myrmidon
Aim: an imperial myrmidon, wielding a double sword of draining and wearing a ring mail (almost dead, covered in acid)
The bolt of acid misses the imperial myrmidon.
The bolt of acid hits the saltling.
The saltling is splashed with acid.
The acid corrodes the saltling!
The saltling is lightly damaged.
The imperial myrmidon barely misses you.
Evoke which item? (* to show all) (? for menu, Esc to quit)
Aiming: Corrosive Bolt
Press: ? - help, Shift-Dir - straight line, f/p - imperial myrmidon
Aim: an imperial myrmidon, wielding a double sword of draining and wearing a ring mail (almost dead, covered in acid)
The bolt of acid hits the imperial myrmidon.
The imperial myrmidon is splashed with acid.
The acid corrodes the imperial myrmidon!
You kill the imperial myrmidon!
Vehumet accepts your kill.
You feel your power returning.
The bolt of acid hits the saltling.
The saltling is splashed with acid.
The saltling is severely damaged.
The now-empty wand crumbles to dust.
No previous command to re-do.
Unknown command.
The saltling closely misses you.
A ragged hierophant comes into view. It is wielding a whip.
Okay, then.
Really read
n - 7 scrolls of teleportation {!r}?
As you read the scroll of teleportation {!r}, it crumbles to dust.
You feel strangely unstable. The saltling barely misses you.
The saltling hits you but does no damage.
Casting: Iron Shot (safe; 1% risk of failure)
Confirm with . or Enter, or press ? or * to list all spells.
Aiming: Lee's Rapid Deconstruction (safe; 1% risk of failure)
Press: ? - help, Dir - move target cursor, f - saltling Fragment what (e.g. wall or brittle monster)?: a saltling (hasn't noticed you)
The saltling shatters!
You blow up the saltling!
Vehumet accepts your kill.
You feel your power returning.
The blast of salt crystal fragments hits the ragged hierophant.
The ragged hierophant is lightly wounded.
The ragged hierophant shouts!
You hear a shout!
The ragged hierophant points at you and mumbles some strange words.
A blast of power from the earth and the saltling strikes you!
* * * LOW HITPOINT WARNING * * *
The saltling barely misses you.
The ragged hierophant gestures at you while chanting.
A blast of power from the earth and the saltling strikes you!
You die...

.§..§§...........§.§§
§§§§§§§§§§..........§..§
.§§§§.§.§#..........§§§§
..§.....§.#..........§§§§
.........................§.§§
.........................§.§§
.....................p...§§§.
..........#................§§
p.........#.@..............§.
............8.........##.....
............)..........#.....
.............p....p..........
.................∩.∩.......8.
.............................
.............................
.............................
.............................


You could see 2 ragged hierophants and a saltling.

Vanquished Creatures
  A deep elf sorcerer (Elf:1)
  An imperial myrmidon (Desolation)
  Nessos (D:12)
  2 crystal guardians (Desolation)
  Josephine (D:12)
  A ragged hierophant (Desolation)
  Erolcha (D:10)
  A deep elf high priest (Elf:1)
  A servant of whispers (Desolation)
  A rakshasa (D:12)
  A peacekeeper (Desolation)
  5 death knights
  2 catoblepae (D:15)
  16 two-headed ogres
  4 ogre magi
  3 centaur warriors
  3 dancing weapons (Elf:1)
  A tengu warrior (D:15)
  Nergalle (Orc:2)
  Sonja (D:12)
  6 skeletal warriors
  A deep troll (D:14)
  5 unseen horrors
  Pikel (D:6)
  A wolf spider zombie (D:15)
  10 deep elf magi
  A lindwurm (D:14)
  A wolf spider (D:15)
  An orb spider (shapeshifter) (D:15)
  A wizard (D:7)
  3 orc knights (Orc:1)
  13 orc sorcerers
  6 ugly things
  A cyclops (D:12)
  4 manticores
  Joseph (D:7)
  Maurice (D:12)
  A gargoyle (D:13)
  2 naga magi (D:15)
  An efreet (D:12)
  A komodo dragon (D:8)
  2 tormentors (D:11)
  2 freezing wraiths
  2 trolls
  The ghost of Hebeh the Destroyer, a novice DECj (D:5)
  A tengu conjurer (D:15)
  11 saltlings (Desolation)
  A harpy skeleton (D:13)
  3 slime creatures (D:12)
  A meliai zombie (D:12)
  4 hippogriffs
  8 wraiths
  3 wyverns
  8 yaks
  Sigmund (D:3)
  A spriggan (shapeshifter) (D:14)
  Eustachio (D:6)
  4 hungry ghosts
  2 steam dragons
  4 vampire mosquitoes
  2 wargs
  An acid dragon (D:12)
  22 orc warriors
  5 ice beasts
  2 sky beasts
  2 necrophages
  4 slaves
  3 phantoms
  A black bear (D:12)
  22 ogres
  7 centaurs
  A crocodile (D:9)
  7 big kobolds
  13 bullfrogs
  7 scorpions
  A killer bee (D:12)
  16 wights
  3 howler monkeys
  An electric eel (D:15)
  2 bullfrog zombies
  6 crimson imps
  A quasit (D:10)
  A wyvern simulacrum (D:14)
  2 centaur zombies
  7 hounds
  2 jellies
  17 orc priests
  6 bullfrog skeletons
  6 centaur skeletons
  Jessica (D:2)
  Terence (D:2)
  3 iguanas
  46 orc wizards
  5 worker ants
  A killer bee zombie (D:8)
  A hound skeleton (D:6)
  2 worker ant zombies
  3 gnolls (D:4)
  16 adders
  2 river rats (Sewer)
  4 shadow imps
  7 oozes
  4 adder skeletons
  An adder zombie (D:6)
  9 worms
  8 leopard geckos
  118 orcs
  6 bats
  7 giant cockroaches
  6 goblins
  8 hobgoblins
  6 jackals
  5 quokkas
  5 ball pythons
  12 frilled lizards
  19 kobolds
  A leopard gecko zombie (D:8)
  A quokka skeleton (D:8)
  9 rats
657 creatures vanquished.

Vanquished Creatures (collateral kills)
  A wolf spider (D:12)
  An ugly thing (D:12)
2 creatures vanquished.

Vanquished Creatures (others)
  A golden eye (shapeshifter) (D:12)
  A floating eye (shapeshifter) (D:12)
  A bullfrog skeleton (D:12)
  9 fungi (D:15)
  9 plants
21 creatures vanquished.

Grand Total: 680 creatures vanquished

Notes
Turn   | Place    | Note
-------+----------+-------------------------------------------
     0 | D:1      | Amnesiac the Mummy Earth Elementalist began the quest for the Orb.
     0 | D:1      | Reached XP level 1. HP: 13/13 MP: 4/4
   423 | D:2      | Reached XP level 2. HP: 17/19 MP: 5/5
   431 | D:2      | Learned a level 2 spell: Passwall
   432 | D:3      | Found an ornate altar of the Wu Jian Council.
   614 | D:3      | Noticed Sigmund
   878 | D:4      | Reached XP level 3. HP: 17/24 MP: 1/7
   883 | D:4      | Learned a level 3 spell: Stone Arrow
  1113 | D:4      | Noticed a scorpion
  1504 | D:4      | Reached skill level 1 in Transmutations
  1581 | D:4      | Reached XP level 4. HP: 20/30 MP: 1/9
  1635 | D:4      | Learned a level 4 spell: Petrify
  1861 | D:4      | Reached skill level 1 in Conjurations
  1861 | D:4      | Reached XP level 5. HP: 35/35 MP: 11/11
  2619 | D:5      | Entered Level 5 of the Dungeon
  2638 | D:5      | Noticed an ogre
  2661 | D:5      | Reached XP level 6. HP: 41/41 MP: 11/12
  2814 | D:5      | Found a burning altar of Makhleb.
  2837 | D:5      | Noticed a sky beast
  2844 | D:5      | Killed a sky beast
  2938 | D:5      | Found a staircase to the Ecumenical Temple.
  3107 | Temple   | Entered the Ecumenical Temple
  3583 | D:5      | Reached skill level 5 in Spellcasting
  3583 | D:5      | Reached skill level 5 in Earth Magic
  3600 | D:5      | Learned a level 5 spell: Lee's Rapid Deconstruction
  3879 | D:2      | Noticed Jessica
  3881 | D:2      | Noticed Terence
  3882 | D:2      | Killed Jessica
  3882 | D:2      | Reached XP level 7. HP: 46/46 MP: 14/14
  3886 | D:2      | Killed Terence
  3957 | D:2      | Found a snail-covered altar of Cheibriados.
  4355 | D:3      | Found a radiant altar of Vehumet.
  4407 | D:3      | Killed Sigmund
  4437 | D:3      | Became a worshipper of Vehumet
  5260 | D:5      | Noticed Hebeh's ghost (novice DECj)
  5263 | D:5      | Found a runed gate.
  5263 | D:5      | Found a runed gate.
  5263 | D:5      | Found a runed gate.
  5431 | D:5      | Reached * piety under Vehumet
  5431 | D:5      | Offered knowledge of Magic Dart by Vehumet.
  5759 | D:5      | Killed Hebeh's ghost
  5759 | D:5      | Reached XP level 8. HP: 29/52 MP: 9/17
  5820 | D:6      | Found a glowing drain.
  5825 | D:6      | Noticed Pikel
  6019 | Sewer    | Entered a sewer
  6346 | Sewer    | Reached ** piety under Vehumet
  6370 | Sewer    | Offered knowledge of Shock by Vehumet.
  6744 | D:6      | Noticed Eustachio
  6774 | D:6      | Killed Eustachio
  6893 | D:6      | Reached XP level 9. HP: 46/57 MP: 20/20
  7000 | D:6      | Killed Pikel
  7316 | D:6      | Offered knowledge of Mephitic Cloud by Vehumet.
  7322 | D:6      | Learned a level 3 spell: Mephitic Cloud
  7455 | D:6      | Found a shattered altar of Ashenzari.
  7455 | D:6      | Found a white marble altar of Elyvilon.
  7761 | D:7      | Reached *** piety under Vehumet
  7780 | D:7      | Found a bloodstained altar of Trog.
  7792 | D:7      | Noticed Joseph
  7805 | D:7      | Killed Joseph
  8049 | D:7      | Found Koen's Antique Weapon Shop.
  8176 | D:7      | Offered knowledge of Dazzling Spray by Vehumet.
  8380 | D:7      | Reached XP level 10. HP: 63/63 MP: 23/23
  8716 | D:7      | Noticed a wizard
  8719 | D:7      | Killed a wizard
  8895 | D:8      | Reached skill level 10 in Earth Magic
  8926 | D:8      | Noticed a two-headed ogre
  8938 | D:8      | Killed a two-headed ogre
  8938 | D:8      | Reached skill level 10 in Spellcasting
  8994 | D:8      | Reached **** piety under Vehumet
  9031 | D:8      | Offered knowledge of Static Discharge by Vehumet.
  9239 | D:8      | Found Ylaejepe's Antique Armour Emporium.
  9340 | D:8      | Learned a level 5 spell: Yara's Violent Unravelling
  9343 | D:8      | Bought a shiny helmet for 232 gold pieces
  9461 | D:8      | Found a staircase to the Lair.
 10058 | D:9      | Reached ***** piety under Vehumet
 10158 | D:9      | Offered knowledge of Airstrike by Vehumet.
 10622 | D:9      | Found Sawk's General Store.
 10825 | D:10     | Entered Level 10 of the Dungeon
 10845 | D:10     | Noticed Erolcha
 10854 | D:10     | Killed Erolcha
 10854 | D:10     | Reached XP level 11. HP: 68/68 MP: 11/26
 11373 | D:10     | Found a shadowy altar of Dithmenos.
 11442 | D:10     | Found Turiely's Assorted Antiques.
 11447 | D:10     | Bought an opalescent robe for 119 gold pieces
 11457 | D:10     | Identified the +1 robe of Pandemonium {Int+3 Dex+3 Stlth-} (You bought it in a shop on level 10 of the Dungeon)
 12086 | D:10     | Found a staircase to the Orcish Mines.
 12155 | D:11     | Identified a paperback manual
 12476 | D:11     | Noticed a death knight
 12489 | D:11     | Noticed a death knight
 12528 | D:11     | Killed a death knight
 12639 | D:11     | Noticed a death knight
 12820 | Orc:1    | Entered Level 1 of the Orcish Mines
 12992 | Orc:1    | Noticed an orc sorcerer
 12995 | Orc:1    | Killed an orc sorcerer
 13275 | Orc:2    | Entered Level 2 of the Orcish Mines
 13275 | Orc:2    | Found Dasirhod's Armour Shoppe.
 13275 | Orc:2    | Noticed an orc sorcerer
 13278 | Orc:2    | Killed an orc sorcerer
 13312 | Orc:2    | Found a staircase to the Elven Halls.
 13555 | Orc:2    | Noticed an orc sorcerer
 13677 | Orc:2    | Killed an orc sorcerer
 13816 | Orc:2    | Found a roughly hewn altar of Beogh.
 13822 | Orc:2    | Noticed an orc knight
 13959 | Orc:1    | Reached ****** piety under Vehumet
 13959 | Orc:1    | Offered knowledge of Bolt of Cold by Vehumet.
 14342 | Orc:1    | Noticed an orc knight
 14365 | Orc:1    | Killed an orc knight
 14657 | Orc:1    | Noticed an orc knight
 14679 | Orc:1    | Killed an orc knight
 15349 | Orc:1    | Killed an orc knight
 15349 | Orc:1    | Reached XP level 12. HP: 74/74 MP: 13/28
 16341 | Orc:2    | Found Cozxadgh's Antique Armour Boutique.
 16546 | Orc:2    | Found Ositwini's Distillery.
 16553 | Orc:2    | Paralysed by an orc sorcerer for 6 turns
 16616 | Orc:2    | Offered knowledge of Iron Shot by Vehumet.
 16616 | Orc:2    | Noticed an ogre mage
 16620 | Orc:2    | Killed an ogre mage
 16652 | Orc:2    | Learned a level 6 spell: Iron Shot
 16797 | Orc:2    | Found a radiant altar of Vehumet.
 16962 | Orc:2    | Found Joukk's Antique Armour Boutique.
 16977 | Orc:2    | Noticed Nergalle
 16981 | Orc:2    | Killed Nergalle
 17187 | Orc:2    | Found an ancient bone altar of Kikubaaqudgha.
 17189 | Orc:2    | Found a roughly hewn altar of Beogh.
 17299 | Orc:2    | Found Ciguv's Gadget Shop.
 17427 | Orc:2    | Bought a glowing robe for 107 gold pieces
 17443 | Orc:2    | Bought a glowing robe for 107 gold pieces
 17459 | Orc:2    | Bought a shiny helmet for 217 gold pieces
 17529 | Orc:2    | Bought a scarf of resistance for 480 gold pieces
 17529 | Orc:2    | Bought a +2 pair of gloves of strength for 322 gold pieces
 18015 | D:11     | Killed a death knight
 18104 | D:11     | Killed a death knight
 18566 | D:8      | Learned a level 2 spell: Sticks to Snakes
 19078 | D:12     | Offered knowledge of Venom Bolt by Vehumet.
 19231 | D:12     | Got a faintly glowing ring mail
 19362 | D:12     | Gained mutation: You are in touch with the powers of death. [Mummy growth]
 19362 | D:12     | Reached XP level 13. HP: 74/79 MP: 13/31
 19458 | D:12     | Found Nulleqai's Gadget Emporium.
 19633 | D:12     | Noticed Sonja
 19852 | D:12     | Noticed Josephine
 19875 | D:12     | Killed Josephine
 20367 | D:12     | Got a warped hand crossbow
 20374 | D:12     | Noticed Maurice
 20377 | D:12     | Killed Maurice
 20477 | D:12     | Got a pair of steaming boots
 20519 | D:12     | Identified the +1 ring mail of Kikubaaqudgha's Hatred {rC- Regen+ Str-3 Slay+5} (You found it on level 12 of the Dungeon)
 20544 | D:12     | Identified the +1 pair of boots of Joeriegh {rF++ MR- Str+4 Stlth+} (You found it on level 12 of the Dungeon)
 20555 | D:12     | Identified the +9 hand crossbow "Rotarhoti" {elec, +Blink rC+ Dex+2} (You took it off a death knight on level 12 of the Dungeon)
 20589 | D:12     | Noticed Nessos
 20597 | D:12     | Killed Nessos
 20820 | D:12     | Found the amulet of the Air {Inacc +Fly rElec EV+5 RMsl}
 20871 | D:12     | Offered knowledge of Spellforged Servitor by Vehumet.
 20881 | D:12     | Reached skill level 15 in Earth Magic
 20957 | D:12     | Reached skill level 15 in Spellcasting
 21092 | D:12     | Killed Sonja
 23522 | D:13     | Reached XP level 14. HP: 85/85 MP: 31/33
 23771 | D:14     | Offered knowledge of Poison Arrow by Vehumet.
 24059 | D:14     | Found a gate to the Vaults.
 24213 | D:14     | Reached skill level 1 in Shields
 24700 | D:15     | Entered Level 15 of the Dungeon
 24703 | D:15     | Found Seocaukh's Book Emporium.
 25428 | D:15     | Found a blossoming altar of Fedhas.
 26067 | D:15     | Paralysed by an ogre mage for 6 turns
 26127 | D:15     | Offered knowledge of Conjure Ball Lightning by Vehumet.
 26567 | D:15     | Found a staircase to the Depths.
 26981 | Elf:1    | Entered Level 1 of the Elven Halls
 27095 | Elf:1    | Reached XP level 15. HP: 85/90 MP: 30/35
 27146 | Elf:1    | Found a ruined gateway.
 27164 | Elf:1    | Noticed a deep elf sorcerer
 27170 | Elf:1    | Killed a deep elf sorcerer
 27179 | Desolati | Entered the Desolation of Salt
 27745 | Desolati | Noticed an imperial myrmidon
 27755 | Desolati | Killed an imperial myrmidon
 27759 | Desolati | Killed from afar by a ragged hierophant

Vault maps used:
D:1:      tarquinn_simple_flora_water_e, minmay_pentomino_r4
D:2:      cheibriados_altar_1, first_ration, serial_glass, glass_columns_b,
          glass_columns_b, kennysheep_generic_room_6, uniq_jessica, uniq_terence
D:3:      vehumet_crystals, lemuel_crystal_altar, uniq_sigmund
D:5:      overflow_temple_1_default, lemuel_temple_firewalk_a,
          gammafunk_ghost_split
D:6:      gammafunk_temple_overflow_wave, gup_sewer_entry_glass, uniq_eustachio,
          uniq_pikel
D:7:      serial_shops, nicolae_shop_competitors_out_of_business, trog_wizard,
          uniq_joseph
D:8:      david_lair_shrubbed, serial_shops, shop_fountains
D:9:      serial_shops, kennysheep_mini
D:10:     orc_0_dummy, serial_shops, shop, grunt_ogre_cave,
          nicolae_dithmenos_the_darkroom, uniq_erolcha
D:11:     cheibrodos_tormentor_scu, eino_tiny_chamber, serial_bayou_lagoon_a
D:12:     minmay_the_grid_octo_tiled_squarecenter_mashed, serial_column_ruins,
          column_ruins_hut_pillars, column_ruins_square_small,
          column_ruins_grid_1, column_ruins_columns_straight,
          column_ruins_grid_3, column_ruins_open_tiny, column_ruins_open_tiny,
          serial_shops, nicolae_shop_statue_plus, uniq_maurice, uniq_josephine,
          uniq_nessos, uniq_sonja
D:13:     serial_column_ruins, column_ruins_columns_dead_end,
          column_ruins_grid_1, column_ruins_open_medium, column_ruins_grid_1,
          column_ruins_corridor_dead_end, column_ruins_columns_water
D:14:     david_vaults_4
D:15:     grunt_enter_depths_magical_seal, serial_shops, shop, fedhas_altar_3
Temple:   eino_temple_scatter_basement
Orc:1:    cheibrodos_orc_arena
Orc:2:    kennysheep_orc_mage_school, serial_shops, shop_statue, basic_altar
Elf:1:    minmay_elf_arrival_plus, portal_desolation_entry_nicolae_slug,
          minmay_elf_annihilation, uniq_aizul
Sewer:    sewer_co_tree

Skill      XL: |  1  2  3  4  5  6  7  8  9 10 11 12 13 14 15 |
---------------+----------------------------------------------+-----
Spellcasting   | 3 4 5 6 7 9 11 12 14 15 16 17 | 17.2
Earth Magic    | 3 4 5 6 7 9 11 13 14 15 16 17 | 17.2
Transmutations | 1 3 4 |  4.0
Conjurations   | 1 2 3 4 |  4.0
Shields        | 4 |  4.0
Dodging        | |  1.5
Stealth        | |  1.5

Action                   |  1- 3 |  4- 6 |  7- 9 | 10-12 | 13-15 || total
-------------------------+-------+-------+-------+-------+-------++-------
Melee: Dagger            |    44 |       |       |       |       ||    44
       Unarmed           |    37 |    30 |       |       |       ||    67
       Hunting sling     |       |       |       |     1 |     1 ||     2
 Fire: Hunting sling     |       |    13 |   181 |   122 |    70 ||   386
       Hand crossbow     |       |       |       |       |    58 ||    58
 Cast: Sandblast         |    33 |       |   111 |    74 |     1 ||   219
       Stone Arrow       |     4 |    48 |    50 |     1 |       ||   103
       Lee's Rapid Decon |       |       |    14 |   326 |   128 ||   468
       Passwall          |       |       |     1 |     1 |     1 ||     3
       Petrify           |       |       |     1 |    37 |     7 ||    45
       Mephitic Cloud    |       |       |       |     1 |       ||     1
       Iron Shot         |       |       |       |    26 |   199 ||   225
Evoke: Wand              |       |       |    12 |     3 |    14 ||    29
       Box of beasts     |       |       |       |       |     3 ||     3
  Use: Scroll            |     2 |       |     7 |     6 |     6 ||    21
 Stab: Sleeping          |     3 |       |       |       |       ||     3
Armor: Robe              |    32 |       |       |    10 |   111 ||   153
       Leather armour    |       |    17 |    33 |     3 |       ||    53
Dodge: Dodged            |    75 |    27 |    68 |    47 |   104 ||   321

Table legend:
 A = Spawn XP
 B = Non-spawn XP
 C = Spawn XP percentage of total XP
 D = Spawn monster count
 E = Non-spawn monster count
 F = Spawn count percentage of total count
 G = Total turns spent on level
                    A         B        C        D         E        F      G
               +---------+---------+-------+---------+---------+-------+---------
         Total |       0 |  118068 |   0.0 |       0 |     655 |   0.0 | 27759
               +---------+---------+-------+---------+---------+-------+---------
           D:1 |       0 |      34 |   0.0 |       0 |      21 |   0.0 |  1057
           D:2 |       0 |     194 |   0.0 |       0 |      34 |   0.0 |   743
           D:3 |       0 |     246 |   0.0 |       0 |      16 |   0.0 |   720
           D:4 |       0 |     317 |   0.0 |       0 |      21 |   0.0 |  2331
           D:5 |       0 |     948 |   0.0 |       0 |      19 |   0.0 |  1310
           D:6 |       0 |    1666 |   0.0 |       0 |      26 |   0.0 |  1232
           D:7 |       0 |    2183 |   0.0 |       0 |      24 |   0.0 |  1251
           D:8 |       0 |    2606 |   0.0 |       0 |      30 |   0.0 |   984
           D:9 |       0 |    1803 |   0.0 |       0 |      29 |   0.0 |  1160
          D:10 |       0 |    3602 |   0.0 |       0 |      67 |   0.0 |  1868
          D:11 |       0 |    6211 |   0.0 |       0 |      23 |   0.0 |  1456
          D:12 |       0 |   19269 |   0.0 |       0 |      81 |   0.0 |  3024
          D:13 |       0 |   10238 |   0.0 |       0 |      29 |   0.0 |  1202
          D:14 |       0 |    5753 |   0.0 |       0 |      15 |   0.0 |  1607
          D:15 |       0 |   26973 |   0.0 |       0 |      47 |   0.0 |  1588
         Orc:1 |       0 |    4614 |   0.0 |       0 |      53 |   0.0 |  2005
         Orc:2 |       0 |   10263 |   0.0 |       0 |      61 |   0.0 |  2577
         Elf:1 |       0 |   10550 |   0.0 |       0 |      14 |   0.0 |   198
         Sewer |       0 |     620 |   0.0 |       0 |      28 |   0.0 |   711
    Desolation |       0 |    9978 |   0.0 |       0 |      17 |   0.0 |   580
               +---------+---------+-------+---------+---------+-------+---------
